 Dungeon Crawl Stone Soup version 0.19-a0-594-g235f30c (webtiles) character file.

36779 shmeve the Blocker (level 13, -8/183 HPs)
             Began as a Minotaur Berserker on June 11, 2016.
             Was a High Priest of Trog.
             Mangled by an orc warrior
             ... wielding a +0 glaive
              (13 damage)
             ... on level 2 of the Orcish Mines.
             The game lasted 00:34:32 (14191 turns).

shmeve the Blocker (Minotaur Berserker)            Turns: 14191, Time: 00:34:35

Health: -8/183     AC: 18    Str: 30    XL:     13   Next: 54%
Magic:  12/12      EV: 13    Int:  4    God:    Trog [*****.]
Gold:   1682       SH: 21    Dex: 12    Spells: 0 memorised, 12 levels left

rFire  . . .     SeeInvis .     Z - +2 broad axe (elec)
rCold  . . .     Gourm    .     S - +5 scale mail "Totodgh" {Slay+3}
rNeg   . . .     Faith    .     J - +0 large shield
rPois  .         Spirit   .     y - +2 hat
rElec  .         Dismiss  .     f - +0 cloak
rCorr  .         Reflect  .     w - +0 pair of gloves
SustAt .         Harm     .     (no boots)
MR     ++...                    (no amulet)
Stlth  ..........               (no ring)
                                (no ring)

@: berserking, marked, regenerating, very quick, very resistant to hostile
enchantments, extremely unstealthy
A: retaliatory headbutt, horns 2
a: Berserk, Trog's Hand, Brothers in Arms, Burn Spellbooks, Renounce Religion


You were on level 2 of the Orcish Mines.
You worshipped Trog.
Trog was extremely pleased with you.
You were hungry.

You visited 3 branches of the dungeon, and saw 18 of its levels.
You also visited: Ossuary.

You collected 1952 gold pieces.
You spent 270 gold pieces at shops.

Inventory:

Hand Weapons
 l - a -2 hunting sling
 Z - a +2 broad axe of electrocution (weapon)
Missiles
 P - 160 sling bullets
Armour
 f - a +0 cloak (worn)
 w - a +0 pair of gloves (worn)
 y - a +2 hat (worn)
 J - a +0 large shield (worn)
 S - the +5 scale mail "Totodgh" (worn) {Slay+3}
   (You bought it in a shop on level 9 of the Dungeon)

   It affects your accuracy and damage with ranged weapons and melee attacks
   (+3).
Wands
 r - a wand of hasting (9/9)
 A - a wand of lightning (8/15)
 K - a wand of acid (11/15)
 R - a wand of iceblast (9/15)
Scrolls
 e - 2 scrolls of fear
 h - 3 scrolls of recharging
 i - 2 scrolls of noise {unknown}
 j - 18 scrolls of identify
 m - 2 scrolls of magic mapping {unknown}
 n - 4 scrolls of random uselessness {unknown}
 o - 4 scrolls of teleportation
 p - 5 scrolls of remove curse
 q - 5 scrolls of acquirement {unknown}
 B - 2 scrolls of fog {unknown}
 C - 2 scrolls of enchant armour {unknown}
 F - 4 scrolls of amnesia {unknown}
 I - 4 scrolls of immolation {unknown}
 L - 2 scrolls of brand weapon {unknown}
 N - 5 scrolls of blinking {unknown}
 Q - 2 scrolls of enchant weapon {unknown}
 U - 3 scrolls of silence {unknown}
Potions
 a - a potion of cancellation {unknown}
 b - 6 potions of heal wounds {unknown}
 g - 9 potions of curing {unknown}
 s - 6 potions of brilliance {unknown}
 t - 3 potions of invisibility {unknown}
 u - a potion of resistance {unknown}
 v - a potion of mutation {unknown}
 x - a potion of ambrosia {unknown}
 z - a potion of lignification {unknown}
 D - a potion of haste {unknown}
 E - 2 potions of degeneration {unknown}
 G - 2 potions of cure mutation {unknown}
 H - 2 potions of agility {unknown}
 M - a potion of magic {unknown}
 O - a potion of flight {unknown}
 Y - a potion of might {unknown}
Comestibles
 c - 13 bread rations
 d - 8 meat rations
 k - 3 slices of pizza
 T - 2 chunks of flesh
 W - 3 fruits


   Skills:
 * Level 13.4 Fighting
 * Level 13.1 Axes
 + Level 8.7 Slings
 + Level 9.6 Armour
 + Level 8.8 Dodging
 * Level 13.5 Shields


You had 12 spell levels left.
You didn't know any spells.

Dungeon Overview and Level Annotations

Branches:
Dungeon (10/15)            Temple (0/1) D:7            Lair (6/6) D:10
  Swamp (0/4) Lair:3       Spider (0/4) Lair:2        Slime (0/5) Lair:6
    Orc (2/2) D:9             Elf (0/3) Orc:2

Altars:
Elyvilon
Fedhas
Gozag
Pakellas
Ru
Trog
Zin
Beogh
Jiyva

Shops:
D:6 :   D:9 [   Orc:2 :}=

Annotations:
Lair:3 exclusion: oklob plant


Innate Abilities, Weirdness & Mutations

You reflexively headbutt those who attack you in melee.
You have a pair of horns on your head.


Message History

The arrow barely misses you.
The centaur wields a shortbow.
The centaur shoots an arrow.
The arrow hits you.
* * * LOW HITPOINT WARNING * * *
The orc warrior unwields an uncursed broad axe.
The orc warrior wields an arbalest.
The orc warrior shoots a bolt.
The bolt misses you.
The centaur wields a shortbow.
The centaur shoots an arrow.
The arrow barely misses you. You block the centaur's attack.
The orc warrior hits you with a dire flail!
* * * LOW HITPOINT WARNING * * *
Your ogre closely misses the orc warrior.
The centaur shoots an arrow.
You block the arrow.
An orc knight and a centaur come into view.
A red film seems to cover your vision as you go berserk!
You feel yourself moving faster!
You feel mighty!
You are feeling hungry.
You block the centaur's attack.
The centaur shoots an arrow.
You block the arrow.
The orc warrior hits you from afar with a glaive!
You die...

.#.....#'#..#.....$.
.....#..............
.........#..........
$......((..(........
.....∩.[....<..##.#.
..$....(.........#.#
......((...............#
......$o)..............##
..co..cO@).).(..........#
..$..$cc))))............#
..c...ocoo.†...........##
........oO..............#
#.#.........._.......#.#
.∩...o....$..........#.##
.#...............(.....#
<..o...........##.)..##
...........#.#.#.)...#


You could see an orc knight, 6 orc warriors, an ogre, 6 centaurs, an orc and a
friendly ogre (berserk).

Vanquished Creatures
  Rupert (Orc:2)
  An orc warlord (Orc:2)
  3 dire elephants (Lair:6)
  3 hydras
  An anaconda (Lair:6)
  Sonja (Lair:3)
  A hill giant (D:10)
  A cyclops (Orc:2)
  A griffon (Lair:5)
  7 elephants (Lair:6)
  4 black mambas
  12 spiny frogs
  2 kobold demonologists (D:10)
  A rime drake (Lair:1)
  3 komodo dragons
  A troll (D:9)
  9 blink frogs
  2 redbacks (Lair:2)
  A spriggan (D:8)
  28 yaks
  Grum (D:10)
  8 hippogriffs
  6 vampire mosquitoes (Lair:3)
  A basilisk (Lair:3)
  2 wargs (Orc:2)
  The ghost of GlassEater the Sneak, an amateur KoFE (D:3)
  7 porcupines
  7 water moccasins
  Duvessa (D:5)
  An ice beast (D:5)
  9 orc warriors
  A phantom (D:10)
  2 eyes of draining (D:3)
  9 ogres
  3 wolves (D:10)
  6 centaurs
  4 big kobolds
  6 crocodiles
  A gnoll sergeant (D:9)
  Blork the orc (D:4)
  12 giant frogs
  A wyvern skeleton (D:10)
  4 scorpions
  Dowan (D:5)
  3 killer bees (D:7)
  3 wights (D:10)
  2 howler monkeys
  5 crimson imps
  A giant frog zombie (D:5)
  A quasit (D:10)
  A centaur zombie (D:8)
  5 hounds
  7 orc priests
  A giant frog skeleton (D:4)
  Jessica (D:3)
  A centaur skeleton (D:9)
  13 orc wizards
  Natasha (thrice) (D:4)
  4 iguanas
  3 worker ants
  4 sheep
  8 mummies (Ossuary)
  A worker ant zombie (D:9)
  12 gnolls
  11 adders
  35 river rats
  6 shadow imps
  An adder skeleton (D:5)
  8 worms
  A dart slug (D:3)
  5 giant geckos
  51 orcs
  4 ball pythons
  2 giant cockroaches
  A gnoll zombie (Ossuary)
  4 goblins (D:1)
  8 hobgoblins
  2 jackals (D:7)
  16 kobolds
  5 quokkas
  4 bats
  3 giant newts
  2 goblin zombies (D:7)
  A hobgoblin zombie (Ossuary)
  A jackal zombie (D:7)
  4 kobold zombies (Ossuary)
  2 orc zombies (Ossuary)
  A quokka skeleton (D:4)
  5 rats
  A rat zombie (D:7)
  2 fire vortices (Lair:1)
  3 fungi
  3 plants
449 creatures vanquished.

Vanquished Creatures (collateral kills)
  An orc warrior (D:9)
  2 centaurs (Orc:2)
  2 gnolls (D:9)
  4 orcs (D:9)
9 creatures vanquished.

Vanquished Creatures (others)
  An adder (D:2)
  An orc (Orc:2)
  A hobgoblin (D:2)
  A fire vortex (Lair:1)
  10 fungi (Lair:6)
  3 plants (Lair:6)
17 creatures vanquished.

Grand Total: 475 creatures vanquished

Notes
Turn   | Place    | Note
--------------------------------------------------------------
     0 | D:1      | shmeve the Minotaur Berserker began the quest for the Orb.
     0 | D:1      | Reached XP level 1. HP: 19/19 MP: 0/0
    76 | D:1      | Reached XP level 2. HP: 25/27 MP: 1/1
   756 | D:1      | Reached ** piety under Trog
   865 | D:1      | HP: 1/40 [gnoll/flail (8)]
   867 | D:1      | Reached XP level 3. HP: 2/33 MP: 2/2
  1176 | D:2      | Found a sacrificial altar of Ru.
  1519 | D:2      | Found a white marble altar of Elyvilon.
  1626 | D:2      | Reached XP level 4. HP: 41/41 MP: 3/3
  1757 | D:3      | Noticed a centaur
  1764 | D:3      | Killed a centaur
  1764 | D:3      | Reached skill level 5 in Fighting
  1764 | D:3      | Reached skill level 5 in Axes
  1764 | D:3      | Reached XP level 5. HP: 48/48 MP: 4/4
  1857 | D:3      | Found a glowing silver altar of Zin.
  1907 | D:3      | Noticed Jessica
  1916 | D:3      | Killed Jessica
  1916 | D:3      | Reached skill level 1 in Slings
  1951 | D:3      | Noticed GlassEater's ghost (amateur KoFE)
  1959 | D:3      | Killed GlassEater's ghost
  1959 | D:3      | Reached XP level 6. HP: 56/56 MP: 5/5
  2122 | D:3      | Found a bloodstained altar of Trog.
  2137 | D:3      | Reached XP level 7. HP: 62/62 MP: 0/6
  2196 | D:4      | Noticed Natasha
  2201 | D:4      | Killed Natasha
  2217 | D:4      | Found an oddly glowing altar of Pakellas.
  2259 | D:4      | Noticed Natasha
  2267 | D:4      | Killed Natasha
  2326 | D:4      | Reached *** piety under Trog
  2337 | D:4      | Noticed Blork the orc
  2344 | D:4      | Killed Blork the orc
  2435 | D:4      | Noticed Natasha
  2439 | D:4      | Killed Natasha
  2444 | D:4      | Reached XP level 8. HP: 57/73 MP: 2/7
  2660 | D:5      | Entered Level 5 of the Dungeon
  2691 | D:5      | Noticed Dowan
  2697 | D:5      | Killed Dowan
  2699 | D:5      | Noticed Duvessa
  2709 | D:5      | Killed Duvessa
  2747 | D:5      | Reached skill level 5 in Armour
  2818 | D:5      | Reached skill level 5 in Dodging
  2848 | D:5      | Reached **** piety under Trog
  3519 | D:6      | Found a blossoming altar of Fedhas.
  3605 | D:6      | Found Masebboqe's Book Emporium.
  3781 | D:7      | Found a sand-covered staircase.
  3794 | Ossuary  | Entered an ossuary
  4168 | D:7      | Reached XP level 9. HP: 81/82 MP: 2/8
  4271 | D:7      | Reached skill level 1 in Shields
  4483 | D:7      | Found a staircase to the Ecumenical Temple.
  4896 | D:8      | Reached skill level 5 in Shields
  4948 | D:8      | Got a faintly glowing scale mail
  4959 | D:8      | Identified the cursed +0 scale mail of Noon {-Tele rPois Str+6 Stlth+} (You found it on level 8 of the Dungeon)
  5122 | D:8      | Found an opulent altar of Gozag.
  5442 | D:9      | Reached ***** piety under Trog
  5519 | D:9      | Received a gift from Trog
  5846 | D:9      | Reached XP level 10. HP: 90/90 MP: 3/9
  6139 | D:9      | Found Illug's Antique Armour Emporium.
  6147 | D:9      | Bought a translucent scale mail for 270 gold pieces
  6157 | D:9      | Identified the +5 scale mail "Totodgh" {Slay+3} (You bought it in a shop on level 9 of the Dungeon)
  6196 | D:9      | Reached skill level 5 in Slings
  6221 | D:9      | Found a staircase to the Orcish Mines.
  6406 | D:10     | Entered Level 10 of the Dungeon
  6418 | D:10     | Reached skill level 10 in Shields
  6492 | D:10     | Found a staircase to the Lair.
  6494 | D:10     | Noticed Grum
  6504 | D:10     | Received a gift from Trog
  6512 | D:10     | Killed Grum
  6582 | D:10     | Reached skill level 10 in Fighting
  6659 | D:10     | Reached XP level 11. HP: 84/100 MP: 3/10
  6912 | D:10     | Received a gift from Trog
  6981 | D:10     | Noticed a hill giant
  6986 | D:10     | Killed a hill giant
  6986 | D:10     | Reached skill level 10 in Axes
  7382 | Lair:1   | Entered Level 1 of the Lair of Beasts
  7636 | Lair:1   | Got a fine ring mail
  7637 | Lair:1   | Identified the +5 ring mail "Siuti" {+Fly Str+4 Slay-5} (You found it on level 1 of the Lair of Beasts)
  7816 | Lair:1   | Noticed a seven-headed hydra
  7825 | Lair:1   | Killed an 11-headed hydra
  8727 | Lair:2   | Found a hole to the Spider Nest.
  9243 | Lair:3   | Received a gift from Trog
  9289 | Lair:3   | Found a staircase to the Swamp.
  9315 | Lair:3   | Reached XP level 12. HP: 86/110 MP: 11/11
  9850 | Lair:3   | Noticed Sonja
  9860 | Lair:3   | Killed Sonja
 11395 | Lair:5   | Noticed a four-headed hydra
 11407 | Lair:5   | Killed an eight-headed hydra
 11438 | Lair:5   | Received a gift from Trog
 12010 | Lair:5   | Received a gift from Trog
 12104 | Lair:6   | Entered Level 6 of the Lair of Beasts
 12201 | Lair:6   | Noticed an eight-headed hydra
 12209 | Lair:6   | Killed a ten-headed hydra
 12235 | Lair:6   | Received a gift from Trog
 12236 | Lair:6   | Found a viscous altar of Jiyva.
 12499 | Lair:6   | Found a staircase to the Slime Pits.
 12955 | Lair:6   | Noticed an anaconda
 12963 | Lair:6   | Killed an anaconda
 12963 | Lair:6   | Reached XP level 13. HP: 98/119 MP: 12/12
 12973 | Lair:6   | Noticed a dire elephant
 12973 | Lair:6   | Noticed a dire elephant
 12980 | Lair:6   | Killed a dire elephant
 12982 | Lair:6   | Killed a dire elephant
 13018 | Lair:6   | Noticed a dire elephant
 13026 | Lair:6   | Killed a dire elephant
 13517 | Orc:1    | Entered Level 1 of the Orcish Mines
 13822 | Orc:2    | Entered Level 2 of the Orcish Mines
 13822 | Orc:2    | Found a staircase to the Elven Halls.
 13822 | Orc:2    | Noticed Rupert
 13827 | Orc:2    | Found a roughly hewn altar of Beogh.
 13829 | Orc:2    | Paralysed by Rupert for 2 turns
 13848 | Orc:2    | Killed Rupert
 14132 | Orc:2    | Found Ettabora's Gadget Shoppe.
 14133 | Orc:2    | Noticed an orc warlord
 14150 | Orc:2    | Killed an orc warlord
 14172 | Orc:2    | Found Xyru Kikh's Jewellery Emporium.
 14182 | Orc:2    | Found Usmitocw's Book Boutique.
 14190 | Orc:2    | HP: 2/122 [orc warrior/dire flail (17)]
 14191 | Orc:2    | Mangled by an orc warrior

Vault maps used:
D:1:      sevenhm_arrival_forest_fort_large_4, corexii_corridor_pit,
          roderic_roman_lattice
D:2:      elyvilon_altar_4, nicolae_ru_sacrificial_ziggurat
D:3:      lemuel_doored_altar, first_bread, trog_eyes_of_draining, uniq_jessica
D:4:      serial_park_tiny_1, grunt_pakellas_basics, uniq_blork_the_orc,
          uniq_natasha
D:5:      serial_bayou_pond_d, uniq_duvessa
D:6:      lemuel_crystal_altar, serial_shops,
          nicolae_shop_competitors_out_of_business
D:7:      minmay_temple_entry_junction, enter_ossuary_3
D:8:      nicolae_gozag_seed_capital, the_bakery
D:9:      hiddenorc1_lemuel, serial_shops, shop, kennysheep_generic_room_7
D:10:     dpeg_lair_monsters, serial_bayou_pond_d, uniq_grum
Lair:1:   fungi_pond_lemuel, grunt_megastairs_1
Lair:2:   spider_nest_entry_webs, serial_bayou_shore_a
Lair:3:   minmay_swamp_entry_swarm, uniq_sonja
Lair:4:   cheibrodos_lair_reptile_den, infiniplex_staircase_pool_2,
          lemuel_fruit_fields
Lair:5:   serial_bayou_pond_d
Lair:6:   due_jungle_book, slime_altar_1
Orc:1:    nicolae_orc_flooded_monolith
Orc:2:    st_orc_rangers, basic_altar, serial_shops, nicolae_shop_behind_doors,
          shop, shop, nicolae_shop_stone, nicolae_shop_crystal,
          lab_entry_generic, uniq_rupert
Ossuary:  ossuary_tomb_3

Skill      XL: |  1  2  3  4  5  6  7  8  9 10 11 12 13 |
---------------+----------------------------------------+-----
Fighting       | 4 5 7 8 10 11 12 13 | 13.4
Axes           | 4 5 6 8 9 11 12 13 | 13.1
Armour         | 3 4 5 6 8 9 |  9.6
Dodging        | 3 4 5 6 7 8 |  8.8
Slings         | 1 2 3 4 5 7 8 |  8.7
Shields        | 9 10 11 13 | 13.5

Action                   |  1- 3 |  4- 6 |  7- 9 | 10-12 | 13-15 || total
-------------------------+-------+-------+-------+-------+-------++-------
Melee: Hand axe          |    91 |    52 |       |       |       ||   143
       Headbutt          |    10 |     8 |    82 |   146 |    20 ||   266
       War axe           |       |       |   349 |   314 |       ||   663
       Broad axe         |       |       |       |   279 |    84 ||   363
Invok: Berserk           |     1 |     3 |     3 |     4 |     4 ||    15
       Trog's Hand       |       |       |     1 |       |     3 ||     4
       Brothers in Arms  |       |       |     1 |       |     1 ||     2
       Burn Spellbooks   |       |       |       |     2 |       ||     2
  Use: Scroll            |       |       |     4 |     4 |       ||     8
 Stab: Sleeping          |     1 |       |       |       |       ||     1
  Eat: Chunk             |     3 |     4 |    15 |    16 |     9 ||    47
       Beef jerky        |       |       |     1 |     2 |       ||     3
       Fruit             |       |       |       |     8 |       ||     8
       Pizza             |       |       |       |     1 |       ||     1
Armor: Animal skin       |     5 |       |       |       |       ||     5
       Chain mail        |       |    33 |   196 |    16 |       ||   245
       Scale mail        |       |       |       |   188 |    26 ||   214
Dodge: Dodged            |    70 |    25 |   165 |   202 |    38 ||   500
Block: Large shield      |       |       |     5 |   657 |   124 ||   786
